 Dungeon Crawl Stone Soup version 0.28.0-43-g3370ac3207 (webtiles) character file.

Game seed: 2370261054127165265

9133 iamoutofideas the Brawler (level 11, -2/84 HPs)
             Began as a Ghoul Gladiator on Mar 20, 2022.
             Was a Believer of Makhleb.
             Slain by an eight-headed hydra (7 damage)
             ... on level 11 of the Dungeon.
             The game lasted 00:12:51 (11752 turns).

iamoutofideas the Brawler (Ghoul Gladiator)        Turns: 11752, Time: 00:12:52

Health: -2/84      AC: 17    Str: 23    XL:     11   Next: 41%
Magic:  10/10      EV: 11    Int:  9    God:    Makhleb [**....]
Gold:   1000       SH:  9    Dex: 10    Spells: 10/10 levels left

rFire   . . .      SeeInvis .     - Unarmed
rCold   + + .      Faith    .   r - +0 buckler
rNeg    + + +      Spirit   .   x - +4 ring mail {rPois}
rPois   ∞          Reflect  +   b - +0 helmet
rElec   .          Harm     .   f - +2 cloak
rCorr   .          Rampage  .   B - +1 pair of gloves
Will    .....                   k - +0 pair of boots
Stlth   ..........              y - amulet of reflection
HPRegen 0.00/turn               A - ring of protection from cold
MPRegen 0.12/turn               E - +6 ring of intelligence

@: about to teleport, inhibited regen, studying Evocations
A: claws 1, cold resistance 1, negative energy resistance 3, inhibited
regeneration, torment resistance 2
a: Renounce Religion, Minor Destruction


You were on level 11 of the Dungeon.
You worshipped Makhleb.
Makhleb was pleased with you.
You visited 2 branches of the dungeon, and saw 12 of its levels.

You collected 1287 gold pieces.
You spent 287 gold pieces at shops.

Inventory:

Hand Weapons
 a - a +0 vampiric long sword
Missiles
 c - 4 throwing nets (quivered)
Armour
 b - a +0 helmet (worn)
 f - a +2 cloak (worn)
 k - a +0 pair of boots (worn)
 r - a +0 buckler (worn)
 x - a +4 ring mail of poison resistance (worn)
 B - a +1 pair of gloves (worn)
 D - +0 acid dragon scales
 I - the +0 leather armour of Amorality {rC+ Int+4}
   (You found it on level 11 of the Dungeon)

   Int:       It affects your intelligence (+4).
   rC:        It protects you from cold.
Jewellery
 y - an amulet of reflection (around neck)
 A - a ring of protection from cold (left hand)
 E - a +6 ring of intelligence (right hand)
Wands
 i - a wand of iceblast (11)
 j - a wand of polymorph (13)
 v - a wand of acid (5)
 z - a wand of paralysis (8)
 F - a wand of digging (3)
Scrolls
 g - 3 scrolls of identify
 h - a scroll of enchant armour
 l - 2 scrolls of fog
 m - 2 scrolls of immolation
 n - a scroll of brand weapon
 o - 3 scrolls of teleportation
 q - a scroll of magic mapping
 s - 4 scrolls of torment
 t - 2 scrolls of fear
 H - a scroll of silence {unknown}
 J - a scroll of enchant weapon {unknown}
Potions
 d - 3 potions of heal wounds
 e - a potion of invisibility
 p - 7 potions of curing
 u - a potion of magic
 C - 2 potions of haste
 G - 2 potions of might
Miscellaneous
 w - a phantom mirror


   Skills:
 + Level 4.1 Fighting
 + Level 1.8 Throwing
 - Level 3.6 Armour
 - Level 4.1 Dodging
 + Level 4.2 Shields
 + Level 16.9 Unarmed Combat


You had 10 spell levels left.
You didn't know any spells.
Your spell library was empty.

Dungeon Overview and Level Annotations

Branches:
Dungeon (11/15)            Temple (1/1) D:5            Lair (0/6) D:10
    Orc (0/2) D:11

Altars:
Ashenzari
Cheibriados
Dithmenos
Elyvilon
Fedhas
Gozag
Hepliaklqana
Kikubaaqudgha
Makhleb
Nemelex Xobeh
Okawaru
Qazlal
Ru
Sif Muna
Trog
Uskayaw
Vehumet
Wu Jian
Xom
Yredelemnul
Zin
The Shining One

Shops:
D:4 **   D:8 ?=   D:11 *

Annotations:
D:4 2 transporters, Menkaure


Innate Abilities, Weirdness & Mutations

You thrive by killing the living.
You are immune to poison.
You have sharp fingernails.
Your flesh is cold resistant. (rC+)
You are immune to negative energy. (rN+++)
You do not regenerate when monsters are visible.
You are immune to unholy pain and torment.


Message History

The eight-headed hydra bites you!
* * * LOW HITPOINT WARNING * * *
The eight-headed hydra bites you but does no damage.
The eight-headed hydra closely misses you.
The eight-headed hydra bites you but does no damage.
The troll misses you. The troll closely misses you.
The troll claws you but does no damage.
You open the door. You block the troll's attack. x2
The troll claws you but does no damage.
You block the eight-headed hydra's attack.
The eight-headed hydra bites you.
* * * LOW HITPOINT WARNING * * *
The eight-headed hydra misses you. The eight-headed hydra bites you.
* * * LOW HITPOINT WARNING * * *
The eight-headed hydra bites you but does no damage.
The eight-headed hydra barely misses you.
You block the eight-headed hydra's attack.
The eight-headed hydra closely misses you.
There is an open door here.
You feel much better. You block the troll's attack. The troll claws you.
* * * LOW HITPOINT WARNING * * *
The troll misses you. The troll barely misses you.
You block the troll's attack. The troll barely misses you.
The eight-headed hydra bites you but does no damage.
The eight-headed hydra barely misses you.
The eight-headed hydra bites you.
* * * LOW HITPOINT WARNING * * *
You block the eight-headed hydra's attack.
The eight-headed hydra bites you but does no damage.
The eight-headed hydra misses you.
The eight-headed hydra bites you but does no damage. x2
As you read the scroll of teleportation, it crumbles to dust.
You feel strangely unstable. The troll bites you.
* * * LOW HITPOINT WARNING * * *
The troll closely misses you. The troll claws you but does no damage.
The eight-headed hydra bites you.
* * * LOW HITPOINT WARNING * * *
The eight-headed hydra bites you!
You die...

#######..##.##.###..##...#...
#...............#...'....#...
#...............#...#....#...
#..<............#...##...##.(
#...............#...##...##..
##...##...########+###....#..
##...##...########..##^...#..
#....#....#..T'.....##...##..
#....+....#.@D#.....##...##..
#....#....#...#.....#....#...
#....#....#...#.....#....#...
#....#....#...#.....#....#...
#...###.####..###...##...#...
#####.### ### #..#
#...##...#... ......# ....
#.....>..#... #####.### ....
#........#... ###.....#####
#........#...


You could see an eight-headed hydra and a troll.

Vanquished Creatures
  A boulder beetle (D:11)
  A two-headed ogre (D:11)
  A cyclops (D:9)
  A gargoyle (D:10)
  A komodo dragon (D:10)
  A troll (D:10)
  4 shadows
  6 yaks (D:9)
  2 wyverns
  2 wraiths (D:7)
  A steam dragon (D:6)
  An acid dragon (D:9)
  2 water moccasins
  A hornet zombie (D:7)
  3 black bears
  4 orc warriors
  3 ice beasts
  An ogre (D:5)
  4 centaurs
  2 phantoms
  A kobold brigand (D:9)
  3 bullfrogs
  2 scorpions
  A wyvern zombie (D:6)
  2 gnoll sergeants
  A water moccasin zombie (D:6)
  A wyvern skeleton (D:7)
  4 troll zombies (D:11)
  10 killer bees
  8 wights
  3 howler monkeys
  2 centaur zombies
  A bullfrog zombie (D:6)
  2 hounds (D:5)
  A jelly (D:6)
  2 orc priests
  3 iron imps (D:9)
  2 bullfrog skeletons
  9 orc wizards
  3 iguanas
  3 killer bee zombies
  4 ogre zombies (D:11)
  2 howler monkey zombies
  4 gnolls (D:10)
  7 adders
  A shadow imp (D:6)
  2 adder skeletons (D:4)
  3 dart slugs
  16 orcs
  5 endoplasms
  2 giant cockroaches (D:2)
  7 goblins
  3 hobgoblins (D:2)
  6 jackals
  3 quokkas
  2 ball pythons
  2 frilled lizards
  4 goblin zombies (D:11)
  A hobgoblin skeleton (D:11)
  15 kobolds
  3 orc skeletons (D:11)
  15 orc zombies (D:11)
  19 rats
232 creatures vanquished.

Vanquished Creatures (others)
  A kobold brigand (D:8)
  4 fungi (D:10)
  3 plants (D:10)
8 creatures vanquished.

Grand Total: 240 creatures vanquished

Notes
Turn   | Place    | Note
-------+----------+-------------------------------------------
     0 | D:1      | iamoutofideas the Ghoul Gladiator began the quest for the
                  | Orb.
     0 | D:1      | Reached XP level 1. HP: 17/17 MP: 0/0
   411 | D:1      | Reached XP level 2. HP: 20/24 MP: 1/1
  1051 | D:1      | Found a faded altar of an unknown god.
  1361 | D:2      | Reached skill level 4 in Unarmed Combat
  1449 | D:2      | Reached XP level 3. HP: 28/29 MP: 2/2
  1694 | D:2      | Reached skill level 1 in Armour
  2065 | D:2      | Reached XP level 4. HP: 36/36 MP: 3/3
  2420 | D:3      | You fall into a shaft and drop 2 floors!
  2420 | D:5      | Entered Level 5 of the Dungeon
  2434 | D:5      | Reached XP level 5. HP: 39/42 MP: 4/4
  2463 | D:5      | Noticed a phantom
  2483 | D:5      | Killed a phantom
  2484 | D:5      | Reached skill level 5 in Unarmed Combat
  2669 | D:5      | Reached XP level 6. HP: 50/50 MP: 5/5
  2691 | D:4      | Found an opulent altar of Gozag.
  2709 | D:4      | Found Gozag's Platinum Reserve.
  2809 | D:4      | Found a transporter.
  2946 | D:4      | Found a transporter.
  2947 | D:4      | Found Gouvaob's Assorted Antiques.
  2977 | D:4      | Reached skill level 6 in Unarmed Combat
  3243 | D:4      | Bought a scroll labelled KISCHYI ZOSOB for 25 gold pieces
  3243 | D:4      | Bought 2 fuming green potions for 45 gold pieces
  3435 | D:4      | Found a basalt altar of Yredelemnul.
  3437 | D:4      | Noticed Menkaure
  3467 | D:4      | Found a shimmering blue altar of Sif Muna.
  3541 | D:4      | Found an ancient bone altar of Kikubaaqudgha.
  3930 | D:5      | Reached XP level 7. HP: 51/56 MP: 6/6
  4295 | D:5      | Reached skill level 7 in Unarmed Combat
  4343 | D:5      | Found a staircase to the Ecumenical Temple.
  4523 | Temple   | Entered the Ecumenical Temple
  4905 | D:6      | Noticed a steam dragon
  5121 | D:6      | Killed a steam dragon
  5122 | D:6      | Reached skill level 8 in Unarmed Combat
  5122 | D:6      | Reached XP level 8. HP: 23/62 MP: 7/7
  5340 | D:6      | Found a sacrificial altar of Ru.
  5450 | D:6      | Found a bloodstained altar of Trog.
  5669 | D:6      | Reached skill level 9 in Unarmed Combat
  5876 | D:6      | Reached skill level 10 in Unarmed Combat
  6340 | D:6      | Found a broken altar of Ashenzari.
  6373 | D:7      | Found a hide-covered altar of Uskayaw.
  6540 | D:7      | Reached XP level 9. HP: 60/69 MP: 8/8
  6648 | D:7      | Found a shimmering altar of Xom.
  6729 | D:7      | Reached skill level 11 in Unarmed Combat
  7379 | D:8      | Found Muirgheich's Magic Scroll Boutique.
  7387 | D:8      | Bought a scroll of torment for 105 gold pieces
  7407 | D:8      | Reached skill level 1 in Shields
  7440 | D:8      | Reached skill level 12 in Unarmed Combat
  7557 | D:8      | Found Vucuutuo's Jewellery Emporium.
  7712 | D:8      | Reached skill level 13 in Unarmed Combat
  7723 | D:8      | Identified 2 scrolls of acquirement
  7728 | D:8      | Acquired a manual of Evocations
  7729 | D:8      | Acquired 776 gold pieces
  8058 | D:9      | Reached XP level 10. HP: 74/77 MP: 9/9
  8321 | D:9      | Reached skill level 14 in Unarmed Combat
  8679 | D:9      | Found a burning altar of Makhleb.
  8716 | D:9      | Became a worshipper of Makhleb the Destroyer
  8764 | D:9      | Found a shadowy altar of Dithmenos.
  8789 | D:9      | Found a snail-covered altar of Cheibriados.
  8998 | D:9      | Noticed a cyclops
  9007 | D:9      | Killed a cyclops
  9427 | D:10     | Entered Level 10 of the Dungeon
  9427 | D:10     | Noticed a gargoyle
  9442 | D:10     | Killed a gargoyle
  9443 | D:10     | Reached skill level 15 in Unarmed Combat
  9651 | D:10     | Found a staircase to the Lair.
  9923 | D:10     | Reached XP level 11. HP: 81/83 MP: 10/10
  9925 | D:10     | Reached * piety under Makhleb
 10098 | D:10     | Noticed a lindwurm
 10174 | D:10     | Noticed a lindwurm
 10285 | D:10     | Reached skill level 16 in Unarmed Combat
 10736 | D:11     | Found Viwnup Rilaph's General Store.
 10741 | D:11     | Identified the +0 leather armour of Amorality {rC+ Int+4}
 10751 | D:11     | Bought a potion of curing for 42 gold pieces
 10751 | D:11     | Bought a potion of heal wounds for 70 gold pieces
 10777 | D:11     | Found a staircase to the Orcish Mines.
 10857 | D:11     | Reached ** piety under Makhleb
 10884 | D:11     | Noticed a cyclops
 10974 | D:11     | Noticed a boulder beetle
 11279 | D:11     | Noticed a two-headed ogre
 11293 | D:11     | Killed a two-headed ogre
 11402 | D:11     | Killed a boulder beetle
 11670 | D:11     | Noticed an eight-headed hydra
 11752 | D:11     | Slain by an eight-headed hydra

Illustrated notes

Levels and vault maps discovered:
D:1:      heliophobic_arrival_henge, layout_basic,
          shapermc_ecumenical_altar_notcrosses
D:2:      layout_loops_corners
D:3:      layout_loops_ring, serial_shops, nicolae_shop_bloodbath_and_beyond,
          minmay_rat_hole
D:4:      layout_basic, nicolae_gozag_zags_fifth_avenue,
          mainiacjoe_overflow_surrounded_room, gammafunk_temple_of_torment,
          serial_shops, shop_statue
D:5:      layout_gridville, old_standard_altar, temple_hall, lemuel_old_faithful
D:6:      minmay_skewed_foursquare, layout_basic, marbit_many_paths,
          nicolae_ru_path_of_blood, lightli_temple_of_fire,
          grunt_decor_arrowhead, small_statue_intersection
D:7:      layout_rooms, mainiacjoe_overflow_cross_hatched,
          mainiacjoe_overflow_tiny_flanked, minmay_misc_feat_diagonals,
          wad_mini_maze
D:8:      layout_basic, serial_shops, shop, shop
D:9:      layout_irregular_city, demons_altar,
          grunt_dithmenos_smoke_and_mirrors, kennysheep_slug_shrine,
          serial_co_window_serial, co_window_of_opportunity_a,
          co_window_paths_a, co_window_paths_b, co_window_paths_b,
          co_window_corner_a, co_window_corner_a, co_window_corner_a,
          co_window_corner_a, co_window_corner_a, co_window_broadway_c,
          co_window_of_opportunity_b, co_window_broadway_b, co_window_corner_b,
          glass_columns_c, glass_columns_b, minmay_misc_feat_x
D:10:     layout_long_grid, grunt_lair_entry_orc_guard_hut, minmay_lindwurm_lava
D:11:     layout_gridville, zombieorc2_lemuel, serial_shops, shop
Temple:   compressed_dpeg_triangle_lava_temple

Skill      XL: |  1  2  3  4  5  6  7  8  9 10 11 |
---------------+----------------------------------+-----
Dodging        | 3 4 |  4.1
Unarmed Combat | 4 5 6 8 10 13 15 16 | 16.9
Armour         | 1 2 3 |  3.6
Fighting       | 3 4 |  4.1
Shields        | 2 3 4 |  4.2
Throwing       | |  1.8

Action                   |  1- 3 |  4- 6 |  7- 9 | 10-12 || total
-------------------------+-------+-------+-------+-------++-------
Melee: Unarmed           |   109 |   164 |   303 |   316 ||   892
       Punch             |     4 |     6 |     3 |       ||    13
  Use: Potion            |       |     3 |     1 |     1 ||     5
       Scroll            |       |     1 |    14 |     4 ||    19
 Stab: Invisible         |       |     2 |       |       ||     2
Armor: Leather armour    |    23 |       |       |       ||    23
       Ring mail         |    15 |    78 |   141 |   112 ||   346
Dodge: Dodged            |    67 |    81 |   151 |   106 ||   405
Block: Buckler           |       |       |    66 |   115 ||   181
       Reflection        |       |       |     7 |     4 ||    11
